 Dungeon Sprint DCSS version 0.30-a0-4-ga7cffc901d (webtiles) character file.

Game seed: 14173220270562203363

61 mhtbhm the Covert (level 3, -3/19 HPs)
             Began as a Spriggan Brigand on Aug 21, 2022.
             Slain by a water elemental (13 damage)
             ... in the Dungeon (Sprint III: "The Ten Rune Challenge").
             The game lasted 00:00:32 (116 turns).

mhtbhm the Covert (Spriggan Brigand)                 Turns: 116, Time: 00:00:33

Health: -3/19      AC:  5    Str:  5    XL:     3   Next: 83%
Magic:  4/4        EV: 17    Int: 12    God:
Gold:   24         SH:  0    Dex: 18    Spells: 2/2 levels left

rFire   . . .      SeeInvis +    a - +1 dagger (drain)
rCold   . . .      Faith    .    (no shield)
rNeg    . . .      Spirit   .    b - +0 robe
rPois   .          Reflect  .    (helmet restricted)
rElec   .          Harm     .    c - +0 cloak
rCorr   +          Rampage  .    (gloves unavailable)
Will    .....      NoTele   +    (boots unavailable)
Stlth   +++++.....               (no amulet)
HPRegen 0.06/turn                l - ring of resist corrosion
MPRegen 0.09/turn                (no ring)

@: very quick
A: very small, no large weapons, unfitting armour, see invisible, speed 3,
iridescent scales 1, weak 1, evolution 1
a: no special abilities


You were in the Dungeon.
You visited 1 branch You collected 24 gold pieces.

Inventory:

Hand Weapons
 a - a +1 dagger of draining (weapon)
Missiles
 d - 9 poisoned darts (quivered)
 e - 3 curare-tipped darts
Armour
 b - a +0 robe (worn)
 c - a +0 cloak (worn)
Jewellery
 l - a ring of resist corrosion (left hand)
Scrolls
 k - a scroll of blinking
 m - 2 scrolls of amnesia {unknown}
 o - 2 scrolls of immolation {unknown}
 p - 2 scrolls of identify
 s - a scroll of vulnerability {unknown}
Potions
 f - 2 potions of curing
 h - a potion of haste
 i - 2 potions of magic
 j - a potion of berserk rage
 n - 2 potions of mutation
 q - a potion of resistance {unknown}
 r - 3 potions of flight


   Skills:
 + Level 2.3 Fighting
 + Level 3.2 Short Blades
 + Level 2.7 Throwing
 + Level 1.9 Dodging
 + Level 11.5 Stealth


You had 2 spell levels left.
You didn't know any spells.
Your spell library was empty.

Dungeon Overview and Level Annotations

Branches:
Dungeon (1/1)

Altars:


Innate Abilities, Weirdness & Mutations

You are very small and have problems with some larger weapons.
You are too small for most types of armour.
You have supernaturally acute eyesight. (SInv)
You cover ground extremely quickly. (Speed+++)
You are partially covered in iridescent scales. (AC +2)
You are weak. (Str -2)
You have hidden genetic potential.


Message History

There is an open door to the Ecumenical Temple here.
The water elemental barely misses you.
You hit the water elemental.
The water elemental is lightly damaged.
The water elemental hits you!
Ouch! That really hurt!
You hit the water elemental but do no damage.
The water elemental is lightly damaged.
There is an open door to the Ecumenical Temple here.
Hit: a) +1 dagger (drain)
Press: ? - help, Dir - move target, f - water elemental
Aim: a water elemental (lightly damaged, about 23% to evade your +1 dagger of draining)
Okay, then.
You feel much better.
Your magic is already full.
You hit the water elemental but do no damage.
The water elemental is lightly damaged.
The water elemental closely misses you.
You hit the water elemental but do no damage.
The water elemental is lightly damaged.
The water elemental barely misses you.
You hit the water elemental.
The water elemental is lightly damaged.
The water elemental misses you.
You hit the water elemental.
The water elemental is moderately damaged.
The water elemental misses you.
You hit the water elemental.
The water elemental is moderately damaged.
You hit the water elemental.
The water elemental is heavily damaged.
The water elemental barely misses you.
You hit the water elemental.
The water elemental is heavily damaged.
The water elemental hits you!
You barely miss the water elemental.
The water elemental is heavily damaged.
The water elemental hits you!
Ouch! That really hurt!
You die...

▓..#..#.....♣ ♣.#
▓#'####.....♣♣ ♣.#
▓.....#....~.♣♣♣♣.###+#+###
▓.....#...~~♣♣.♣♣.#........
▓.....#..~~~~...♣.'.⌠......
▓####'#..~≈≈~~~...#...#####
▓.....#.~~≈~~~....#.⌠.#
▓.).†.#.~≈~~~.E...#...#
▓.....#.~~~..@.†..#+###
▓'#####...........#
▓.................#
▓▓▓▓▓▓▓▓▓▓▓▓▓▓▓▓▓▓▓


You could see a water elemental.

Vanquished Creatures
  Jessica (D)
  A human (D)
  A wolf (D)
  An endoplasm (D)
  2 rats (D)
6 creatures vanquished.

Notes
Turn   | Place    | Note
-------+----------+-------------------------------------------
     0 | D        | mhtbhm the Spriggan Brigand began the quest for the Orb.
     0 | D        | Reached XP level 1. HP: 10/10 MP: 2/2
     4 | D        | Reached skill level 6 in Stealth
     7 | D        | Reached skill level 7 in Stealth
    13 | D        | Noticed Jessica
    17 | D        | Killed Jessica
    18 | D        | Reached skill level 10 in Stealth
    18 | D        | Reached XP level 2. HP: 15/15 MP: 3/3
    21 | D        | Reached XP level 3. HP: 18/18 MP: 4/4
    64 | D        | Reached skill level 11 in Stealth
    78 | D        | Gained mutation: You have hidden genetic potential. [potion
                  | of mutation]
    78 | D        | Gained mutation: You are weak. (Str -2) [potion of
                  | mutation]
    78 | D        | Gained mutation: You are partially covered in iridescent
                  | scales. (AC +2) [potion of mutation]
    95 | D        | Noticed a water elemental
   116 | D        | Slain by a water elemental

Illustrated notes

Levels and vault maps discovered:
D:        dungeon_sprint_mu [sprint_mu_entry_forest, sprint_mu_temple_rooms,
          sprint_mu_d1_spiders, sprint_mu_d2_genie, sprint_mu_d3_branching,
          sprint_mu_orc_legion, sprint_mu_elf_gauntlet, sprint_mu_hive_nellie,
          sprint_mu_lair_fedhas, sprint_mu_vaults_butterflies,
          sprint_mu_slime_circle, sprint_mu_shoals_archi,
          sprint_mu_snake_twists, sprint_mu_blade_basic,
          sprint_mu_crypt_fortress, sprint_mu_tomb_spiral,
          sprint_mu_vestibule_basic, sprint_mu_gehenna_hellfire,
          sprint_mu_dis_giant, sprint_mu_tartarus_statrot,
          sprint_mu_cocytus_islands, sprint_mu_zot1]

Skill      XL: |  1  2  3 |
---------------+----------+-----
Stealth        | 10 11 | 11.5
Fighting       | 2 |  2.3
Short Blades   | 3 |  3.2
Throwing       | |  2.7
Dodging        | |  1.9

Action                   || total
-------------------------++-------
Melee: Dagger            ||    19
  Use: Potion            ||     2
 Stab: Sleeping          ||     4
Dodge: Dodged            ||    11

Table legend: (Time is in decaauts)
 A = Elapsed time spent in this place.
 B = Non-inter-level travel time spent in this place.
 C = Inter-level travel time spent in this place.
 D = Time resting spent in this place.
 E = Time spent auto-exploring this place.
 F = Levels seen in this place.
 G = Mean time per level.
                   A        B        C        D        E       F      G
               +--------+--------+--------+--------+--------+-----+--------+
         Total |     82 |     82 |      0 |      0 |      7 |   1 |   82.0 |
       Dungeon |     82 |     82 |      0 |      0 |      7 |   1 |   82.0 |
               +--------+--------+--------+--------+--------+-----+--------+

Top non-repeatable levels by time:
       D: 82 daAuts
